 Dungeon Crawl Stone Soup version 0.28-a0-401-ge240ad9e29 (webtiles) character file.

Game seed: 1503257348954654544

8326 heikuro the Carver (level 11, -11/78 (87) HPs)
             Began as a Formicid Abyssal Knight on Sept 5, 2021.
             Was an Elder of Lugonu.
             Killed from afar by a gargoyle (22 damage)
             ... with a stone arrow
             ... on level 11 of the Dungeon.
             The game lasted 00:33:18 (10737 turns).

heikuro the Carver (Formicid Abyssal Knight)       Turns: 10737, Time: 00:33:18

HP:   -11/78 (87)   AC: 18    Str: 21    XL:     11   Next: 53%
MP:   16/17         EV:  8    Int: 11    God:    Lugonu [****..]
Gold: 905           SH: 10    Dex: 22    Spells: 10/10 levels left

rFire   . . .      SeeInvis +   a - +2 falchion
rCold   . . .      Faith    .   K - +0 kite shield
rNeg    . . .      Spirit   .   y - +0 plate armour
rPois   .          Reflect  .   (helmet unavailable)
rElec   .          Harm     .   w - +0 cloak
rCorr   .          Rampage  .   D - +0 pair of gloves
Will    +....                   B - +1 pair of boots
Stlth   ..........              p - amulet of regeneration
HPRegen 1.23/turn               F - +6 ring of dexterity
MPRegen 0.15/turn               c - +6 ring of dexterity

@: studying Dodging, heavily drained
A: permanent stasis, dig shafts and tunnels, antennae 3, four strong arms
a: Dig, Shaft Self, Renounce Religion, Depart the Abyss, Bend Space, Banish,
Corrupt


You were on level 11 of the Dungeon.
You worshipped Lugonu.
Lugonu was greatly pleased with you.
You visited 2 branches of the dungeon, and saw 13 of its levels.
You visited the Abyss 1 time.
You also visited: Bailey.

You collected 905 gold pieces.

Inventory:

Hand Weapons
 a - a +2 falchion (weapon)
 b - a +1 whip of venom
Missiles
 i - 23 poisoned darts
 k - 55 boomerangs (quivered)
 x - 6 curare-tipped darts
 I - 2 throwing nets
Armour
 w - a +0 cloak (worn)
 y - a +0 plate armour (worn)
 B - a +1 pair of boots (worn)
 D - a +0 pair of gloves (worn)
 H - +0 acid dragon scales
 K - a +0 kite shield (worn)
Jewellery
 c - a +6 ring of dexterity (right hand)
 g - a ring of fire
 o - an amulet of faith
 p - an amulet of regeneration (around neck)
 s - a ring of protection from fire
 F - a +6 ring of dexterity (left hand)
Wands
 h - a wand of flame (17)
Scrolls
 e - a scroll of amnesia
 q - 4 scrolls of enchant weapon
 r - 2 scrolls of vulnerability
 t - a scroll of immolation
 v - 2 scrolls of fog
 A - a scroll of enchant armour
Potions
 d - a potion of ambrosia {unknown}
 f - 5 potions of heal wounds
 j - 4 potions of flight
 l - a potion of lignification {unknown}
 m - 3 potions of curing
 n - 3 potions of might {unknown}
 u - 2 potions of haste {unknown}
 z - a potion of attraction {unknown}
 C - a potion of magic {unknown}
 E - a potion of invisibility {unknown}
 G - 2 potions of degeneration {unknown}
 J - 2 potions of mutation


   Skills:
 + Level 8.6 Fighting
 * Level 10.5 Long Blades
 + Level 8.3 Armour
 + Level 5.7 Dodging
 + Level 3.8 Shields
 + Level 9.1 Invocations


You had 10 spell levels left.
You didn't know any spells.
Your spell library contained the following spells:

 Spells                   Type           Power      Damage    Failure   Level
 Beastly Appendage        Tmut           0%         N/A       100%        1
 Wereblood                Tmut           0%         N/A       100%        2
 Spider Form              Tmut/Pois      0%         N/A       100%        3
 Summon Lightning Spire   Summ/Air       0%         N/A       100%        4
 Summon Forest            Summ/Tloc      0%         N/A       100%        5
 Eringya's Noxious Bog    Tmut/Pois      0%         N/A       100%        6
 Storm Form               Tmut/Air       0%         N/A       100%        7
 Summon Hydra             Summ           0%         N/A       100%        7
 Maxwell's Capacitive Co  Air            0%         ∞         100%        8


Dungeon Overview and Level Annotations

Branches:
Dungeon (12/15)            Temple (1/1) D:4          Bailey (visited)
   Lair: D:8-11         Orc: D:9-12

Altars:
Ashenzari
Cheibriados
Dithmenos
Elyvilon
Fedhas
Gozag
Hepliaklqana
Kikubaaqudgha
Makhleb
Nemelex Xobeh
Okawaru
Qazlal
Ru
Sif Muna
Trog
Uskayaw
Vehumet
Wu Jian
Xom
Yredelemnul
Zin
The Shining One

Annotations:
D:12 Nergalle


Innate Abilities, Weirdness & Mutations

You cannot be hasted, slowed, berserked, paralysed or teleported.
You can dig through walls and to a lower floor.
You have a pair of large antennae on your head. (SInv)
Your four strong arms can wield two-handed weapons with a shield.


Message History

The gargoyle hits you but does no damage.
You hit the gargoyle but do no damage.
The gargoyle is lightly damaged.
You block the gargoyle's attack. Space bends sharply around you!
You blink.
You slash the gargoyle!
The gargoyle is moderately damaged.
The gargoyle hits you with a +0 morningstar!
Your shield and plate armour prevent you from hitting the gargoyle.
The gargoyle is moderately damaged.
The gargoyle hits you with a +0 morningstar.
* * * LOW HITPOINT WARNING * * *
You hit the gargoyle but do no damage.
The gargoyle is moderately damaged.
The gargoyle hits you but does no damage.
You hit the gargoyle but do no damage.
The gargoyle is moderately damaged.
The gargoyle hits you with a +0 morningstar.
* * * LOW HITPOINT WARNING * * *
Space bends around you!
You blink.
The gargoyle hurls a stone arrow at you.
You block the stone arrow.
Throw: 55 boomerangs
Press: ? - help, Q - select action, (/) - cycle Shift-Dir - straight line, f/p - gargoyle
Aim: a gargoyle, wielding a +0 morningstar (moderately damaged, 79% to hit)
You throw a boomerang. The boomerang hits the gargoyle.
The gargoyle is heavily damaged.
Unknown command.
You hit the gargoyle but do no damage.
The gargoyle is heavily damaged.
The gargoyle barely misses you.
You hit the gargoyle but do no damage.
The gargoyle is heavily damaged.
The gargoyle hits you with a +0 morningstar!
* * * LOW HITPOINT WARNING * * *
You barely miss the gargoyle.
The gargoyle is heavily damaged.
The gargoyle hurls a stone arrow at you.
The stone arrow hits you!!
You die...

## ########## ... ######
#........# ######.#
#.....#####.9@.....###..'...#
+.....'...'.....[..##..##.###.
#(..?.#####........##.###.....
#..... #........##.# #.####
#..... #.......<'..# #.....
##+### #........#### ####'#
#........# #.# #####+#### ##.#
#..#


You could see a gargoyle.

Vanquished Creatures
  2 boulder beetles
  A two-headed ogre (D:8)
  A wizard (D:12)
  An orc knight (Bailey)
  A cyclops (D:12)
  A manticore (D:11)
  Joseph (D:8)
  Grinder (D:3)
  A troll (D:12)
  Sigmund (D:5)
  2 steam dragons (D:8)
  4 vampire mosquitoes (D:12)
  An acid dragon (D:8)
  6 orc warriors
  A sky beast (D:4)
  An ice beast (D:6)
  4 centaurs
  2 phantoms
  A kobold brigand (D:7)
  A gnoll sergeant (D:9)
  3 bullfrogs
  2 wyvern skeletons (D:7)
  5 killer bees (D:8)
  A centaur zombie (D:5)
  2 jellies
  A gnoll shaman (D:3)
  2 orc priests (D:4)
  5 hounds
  2 bullfrog skeletons
  10 iguanas
  A scorpion zombie (D:5)
  6 orc wizards
  A killer bee zombie (D:8)
  A hound skeleton (D:4)
  9 gnolls
  2 howler monkey skeletons
  9 adders
  An ufetubus (D:4)
  A worm (D:3)
  A dart slug (D:1)
  27 orcs
  3 endoplasms
  3 giant cockroaches
  15 goblins
  11 hobgoblins
  2 jackals (D:3)
  5 quokkas
  13 ball pythons
  5 bats
  7 frilled lizards
  21 kobolds
  6 rats
217 creatures vanquished.

Notes
Turn   | Place    | Note
-------+----------+-------------------------------------------
     0 | Abyss:1  | heikuro the Formicid Abyssal Knight began the quest for the
                  | Orb.
     0 | Abyss:1  | Reached XP level 1. HP: 18/18 MP: 2/2
    27 | Abyss:1  | Noticed a rust devil
    30 | D:1      | Escaped the Abyss
   221 | D:1      | Found a faded altar of an unknown god.
   345 | D:1      | Reached skill level 1 in Dodging
   407 | D:1      | Reached XP level 2. HP: 24/24 MP: 3/3
   464 | D:1      | Reached * piety under Lugonu
   677 | D:1      | Reached XP level 3. HP: 19/29 MP: 4/4
  1363 | D:2      | You fall into a shaft and drop 1 floor!
  1721 | D:2      | Reached XP level 4. HP: 30/37 MP: 6/6
  1743 | D:2      | Reached skill level 3 in Long Blades
  2000 | D:3      | Reached ** piety under Lugonu
  2355 | D:2      | Reached XP level 5. HP: 25/42 MP: 7/7
  2948 | D:3      | Reached XP level 6. HP: 48/48 MP: 8/8
  3065 | D:3      | Noticed Grinder
  3107 | D:3      | Killed Grinder
  3108 | D:3      | Reached skill level 4 in Long Blades
  3108 | D:3      | Reached XP level 7. HP: 35/55 MP: 8/10
  3398 | D:3      | Reached *** piety under Lugonu
  3894 | D:4      | Found a staircase to the Ecumenical Temple.
  3907 | D:4      | Reached skill level 5 in Long Blades
  3927 | D:4      | Reached skill level 5 in Fighting
  4014 | Temple   | Entered the Ecumenical Temple
  4670 | D:4      | Reached XP level 8. HP: 33/62 MP: 11/11
  5102 | D:5      | Entered Level 5 of the Dungeon
  5197 | D:5      | Noticed Sigmund
  5216 | D:4      | Reached skill level 5 in Invocations
  5460 | D:5      | Reached skill level 6 in Long Blades
  5482 | D:5      | Reached **** piety under Lugonu
  5608 | D:5      | Reached skill level 5 in Armour
  5673 | D:5      | Killed Sigmund
  5757 | D:5      | Found a basalt altar of Yredelemnul.
  6329 | D:6      | Reached XP level 9. HP: 64/69 MP: 13/13
  6656 | D:6      | Reached skill level 7 in Long Blades
  7391 | D:7      | Noticed a boulder beetle
  7467 | D:6      | Killed a boulder beetle
  7468 | D:6      | Reached skill level 8 in Long Blades
  7526 | D:7      | Reached XP level 10. HP: 79/79 MP: 15/15
  7917 | D:8      | Noticed a two-headed ogre
  7950 | D:8      | Killed a two-headed ogre
  7951 | D:8      | Reached skill level 9 in Long Blades
  8306 | D:8      | Noticed Joseph
  8334 | D:8      | Killed Joseph
  8865 | D:8      | Reached skill level 1 in Shields
  8983 | D:9      | Found a burning altar of Makhleb.
  8983 | D:9      | Found a shadowy altar of Dithmenos.
  8986 | D:9      | Found a glowing silver altar of Zin.
  9015 | D:9      | Identified the +0 helmet "Qian" {rF+ Str+2 Slay-3}
  9079 | D:9      | Noticed a kobold demonologist
  9081 | D:9      | Noticed a sixfirhy
  9101 | D:9      | You fall into a shaft and drop 1 floor!
  9101 | D:10     | Entered Level 10 of the Dungeon
  9121 | D:10     | Noticed a kobold demonologist
  9124 | D:10     | You fall into a shaft and drop 2 floors!
  9202 | D:12     | Noticed a wizard
  9214 | D:12     | Killed a wizard
  9215 | D:12     | Reached XP level 11. HP: 59/86 MP: 17/17
  9377 | D:12     | Noticed a cyclops
  9392 | D:12     | Killed a cyclops
  9508 | D:12     | Reached skill level 10 in Long Blades
  9545 | D:12     | Found a flagged portal.
  9558 | Bailey   | Entered a bailey
  9568 | Bailey   | Noticed an orc knight
  9843 | Bailey   | Reached skill level 5 in Dodging
 10101 | Bailey   | Killed an orc knight
 10458 | D:12     | Noticed a boulder beetle
 10469 | D:12     | Killed a boulder beetle
 10524 | D:12     | Noticed Nergalle
 10638 | D:11     | Noticed a manticore
 10650 | D:11     | Killed a manticore
 10737 | D:11     | Killed from afar by a gargoyle

Illustrated notes

Levels and vault maps discovered:
D:1:      lightli_iron_boxes, layout_rooms,
          shapermc_ecumenical_altar_starsandcircs, minmay_unequal
D:2:      layout_basic, guppyfry_early_orc_mine
D:3:      layout_basic, wad_orctagon, uniq_grinder
D:4:      layout_basic, minmay_temple_entry_grid
D:5:      layout_cave_pools, overflow_temple_1_default, uniq_sigmund
D:6:      layout_basic
D:7:      layout_cave_pools, minmay_manual_mail
D:8:      layout_loops_ring, grunt_decor_cap, uniq_joseph
D:9:      layout_loops_ring, nicolae_overflow_hidden_temple,
          chequers_serial_rivers_micro_d, eino_curves_04
D:10:     layout_rooms, orc_0_dummy, minivault_28
D:11:     layout_roguey, erik_lair_orcish_takeover, gauntlet_entry_generic
D:12:     layout_roguey, enter_bailey_5, minmay_librarian, uniq_nergalle
Temple:   dpeg_five_rooms_temple

Skill      XL: |  1  2  3  4  5  6  7  8  9 10 11 |
---------------+----------------------------------+-----
Dodging        | 1 4 5 |  5.7
Long Blades    | 3 4 5 6 8 9 10 | 10.5
Invocations    | 3 4 5 7 8 9 |  9.1
Armour         | 3 4 5 6 7 8 |  8.3
Fighting       | 4 5 6 7 8 |  8.6
Shields        | 2 3 |  3.8

Action                   |  1- 3 |  4- 6 |  7- 9 | 10-12 || total
-------------------------+-------+-------+-------+-------++-------
Melee: Falchion          |   118 |       |    33 |    63 ||   214
       Whip              |     2 |   163 |   353 |   323 ||   841
Throw: Dart              |       |       |    29 |    49 ||    78
       Boomerang         |       |       |       |     1 ||     1
Invok: Depart the Abyss  |     1 |       |       |       ||     1
       Bend Space        |       |       |    15 |    44 ||    59
 Abil: Shaft Self        |     1 |       |       |     2 ||     3
       Dig               |       |       |     2 |    11 ||    13
  Use: Scroll            |       |       |     3 |    13 ||    16
Armor: Chain mail        |    78 |   104 |   160 |       ||   342
       Plate armour      |       |       |   104 |   309 ||   413
Dodge: Dodged            |    54 |    59 |   188 |   205 ||   506
Block: Buckler           |       |       |       |    35 ||    35
       Kite shield       |       |       |       |   213 ||   213

Table legend: (Time is in decaauts)
 A = Elapsed time spent in this place.
 B = Non-inter-level travel time spent in this place.
 C = Inter-level travel time spent in this place.
 D = Time resting spent in this place.
 E = Time spent auto-exploring this place.
 F = Levels seen in this place.
 G = Mean time per level.
                   A        B        C        D        E       F      G
               +--------+--------+--------+--------+--------+-----+--------+
         Total |  10938 |  10429 |    509 |   1692 |   4156 |  15 |  729.2 |
       Dungeon |   9770 |   9291 |    479 |   1652 |   3829 |  12 |  814.2 |
        Temple |    289 |    259 |     30 |      0 |    248 |   1 |  289.0 |
         Abyss |     30 |     30 |      0 |      0 |      0 |   1 |   30.0 |
        Bailey |    849 |    849 |      0 |     40 |     79 |   1 |  849.0 |
               +--------+--------+--------+--------+--------+-----+--------+

Top non-repeatable levels by time:
     D:3: 1493 daAuts
     D:4: 1281 daAuts
     D:1: 1174 daAuts
     D:2: 1151 daAuts
     D:8: 1036 daAuts
     D:6: 1005 daAuts
     D:5: 941 daAuts
  Bailey: 849 daAuts
    D:12: 725 daAuts
     D:7: 569 daAuts
  Temple: 289 daAuts
     D:9: 243 daAuts
    D:11: 124 daAuts
 Abyss:1: 30 daAuts
    D:10: 22 daAuts
